 Dungeon Crawl Stone Soup version 0.30-a0-777-ga9a30cbeda (webtiles) character file.

Game seed: 6529055518052427309

25 Aneyh the Poker (level 3, -1/23 HPs)
             Began as a Tengu Monk on Feb 13, 2023.
             Slain by a gnoll
             ... wielding a +0 spear
              (3 damage)
             ... on level 2 of the Dungeon.
             The game lasted 00:01:03 (1179 turns).

Aneyh the Poker (Tengu Monk)                        Turns: 1179, Time: 00:01:04

Health: -1/23      AC:  2    Str: 13    XL:     3   Next: 4%
Magic:  4/4        EV: 13    Int: 10    God:
Gold:   84         SH:  0    Dex: 16    Spells: 2/2 levels left

rFire   . . .      SeeInvis .    a - +0 spear
rCold   . . .      Faith    .    (no shield)
rNeg    . . .      Spirit   .    h - +0 robe
rPois   .          Reflect  .    (helmet restricted)
rElec   .          Harm     .    (no cloak)
rCorr   .          Rampage  .    (no gloves)
Will    .....                    (boots unavailable)
Stlth   ++                       (no amulet)
HPRegen 0.23/turn                (no ring)
MPRegen 0.09/turn                (no ring)

@: no status effects
A: beak, talons 3
a: no special abilities


You were on level 2 of the Dungeon.
You visited 1 branch of the dungeon, and saw 2 of its levels.

You collected 84 gold pieces.

Inventory:

Hand Weapons
 a - a +0 spear (weapon)
 b - a +0 dagger of venom
Armour
 h - a +0 robe (worn)
Jewellery
 g - a ring of willpower
Scrolls
 d - a scroll of identify {unknown}
 e - a scroll of torment {unknown}
 f - a scroll of fog {unknown}
Potions
 c - a potion of ambrosia
 i - a potion of curing {unknown}


   Skills:
 + Level 3.3 Fighting
 + Level 3.7 Polearms
 + Level 3.6 Dodging
 + Level 2.2 Stealth


You had 2 spell levels left.
You didn't know any spells.
Your spell library contained the following spells:

 Spells                   Type           Power      Damage    Failure   Level
 Cigotuvi's Dreadful Rot  Necr/Pois/Air  0%         N/A       50%         2
 Poisonous Vapours        Pois/Air       0%         N/A       50%         2
 Mephitic Cloud           Conj/Pois/Air  0%         N/A       75%         3


Dungeon Overview and Level Annotations

Branches:
Dungeon (2/15)

Altars:


Innate Abilities, Weirdness & Mutations

You have a beak for a mouth.
You have claws for feet.


Message History

You start resting.
HP restored.
You see here a +0 dagger.
A goblin comes into view. It is wielding a +0 club.
A goblin is nearby!
A goblin is nearby!
The goblin shouts!
You reach to attack!
You barely miss the goblin.
You reach to attack!
You hit the goblin.
You kill the goblin!
No target in view!
A gnoll comes into view. It is wielding a +0 spear.
The gnoll shouts!
A gnoll is nearby!
A gnoll is nearby!
The gnoll closely misses you.
You reach to attack!
You completely miss the gnoll. The gnoll barely misses you.
You reach to attack!
You closely miss the gnoll. The gnoll misses you.
The gnoll hits you with a +0 spear.
You hit the gnoll but do no damage. You claw the gnoll.
The gnoll is moderately wounded.
The gnoll hits you with a +0 spear.
You hit the gnoll. You peck the gnoll, but do no damage.
The gnoll is severely wounded.
The gnoll misses you.
You barely miss the gnoll. You claw the gnoll, but do no damage.
The gnoll is severely wounded.
The gnoll hits you with a +0 spear.
You barely miss the gnoll. You peck the gnoll.
The gnoll is severely wounded.
The gnoll misses you.
You barely miss the gnoll.
The gnoll is severely wounded.
The gnoll hits you with a +0 spear!
* * * LOW HITPOINT WARNING * * *
You hit the gnoll.
The gnoll is severely wounded.
The gnoll hits you with a +0 spear.
You die...

##### #...# #...##
#...########
#.#.@g.....#
#.########.. #..# .
##.### .##
###...#############...
#...................#
#..........#........##
#..........#....).....
#..........#........#


You could see a gnoll.

Vanquished Creatures
  A dart slug (D:2)
  4 bats
  An endoplasm (D:2)
  4 goblins
  A hobgoblin (D:1)
  2 quokkas
  2 ball pythons
  A frilled lizard (D:1)
  3 kobolds (D:1)
  A rat (D:1)
20 creatures vanquished.

Notes
Turn   | Place    | Note
-------+----------+-------------------------------------------
     0 | D:1      | Aneyh the Tengu Monk began the quest for the Orb.
     0 | D:1      | Reached XP level 1. HP: 14/14 MP: 2/2
    79 | D:1      | Found a faded altar of an unknown god.
   254 | D:1      | Reached XP level 2. HP: 19/19 MP: 3/3
  1127 | D:2      | Reached XP level 3. HP: 19/23 MP: 4/4
  1179 | D:2      | Slain by a gnoll

Illustrated notes

Levels and vault maps discovered:
D:1:      dpeg_arrival_renting, layout_basic,
          shapermc_ecumenical_altar_mp_ritualfount, patterned_corridor
D:2:      layout_rooms

Action                     || total
---------------------------++-------
  Melee: Spear             ||    53
         Kick              ||    10
         Peck              ||     6
   Stab: Sleeping          ||     3
 Armour: Robe              ||     3
  Dodge: Dodged            ||    22

Table legend: (Time is in decaauts)
 A = Elapsed time spent in this place.
 B = Non-inter-level travel time spent in this place.
 C = Inter-level travel time spent in this place.
 D = Time resting spent in this place.
 E = Time spent auto-exploring this place.
 F = Levels seen in this place.
 G = Mean time per level.
                   A        B        C        D        E       F      G
               +--------+--------+--------+--------+--------+-----+--------+
         Total |   1175 |   1093 |     82 |     47 |    928 |   2 |  587.5 |
       Dungeon |   1175 |   1093 |     82 |     47 |    928 |   2 |  587.5 |
               +--------+--------+--------+--------+--------+-----+--------+

Top non-repeatable levels by time:
     D:1: 1086 daAuts
     D:2: 89 daAuts
